 Dungeon Crawl Stone Soup version 0.30-a0-122-g2a1322497e (webtiles) character file.

Game seed: 6235747882172245946

397 omnomnOMINOUS the Ruffian (level 6, -12/37 HPs)
             Began as an Octopode Wanderer on Sept 16, 2022.
             Mangled by a wight
             ... wielding a +4 halberd
              (15 damage)
             ... on level 4 of the Dungeon.
             The game lasted 00:10:55 (4299 turns).

omnomnOMINOUS the Ruffian (Octopode Wanderer)       Turns: 4299, Time: 00:10:56

Health: -12/37     AC:  1    Str: 10      XL:     6   Next: 83%
Magic:  10/10      EV: 13    Int: 15      God:
Gold:   26         SH:  0    Dex: 13 (14) Spells: 6/10 levels left

rFire   . . .      SeeInvis .    a - +0 quarterstaff
rCold   . . .      Faith    .    (shield currently unavailable)
rNeg    . . .      Spirit   .    c - +0 hat
rPois   .          Reflect  .    (no amulet)
rElec   .          Harm     .    (no ring)
rCorr   .          Rampage  .    (no ring)
Will    .....                    (no ring)
Stlth   +++.......               (no ring)
HPRegen 0.12/turn                (no ring)
MPRegen 0.12/turn                (no ring)
                                 (no ring)
                                 (no ring)

@: mighty, unable to read, unable to drink
A: almost no armour, amphibious, 8 rings, camouflage 1, gelatinous body 1,
(nimble swimmer 1), tentacles, agile 1, frail 1, weak 1, inability to drink
after injury 1, inability to read after injury 1
a: no special abilities


You were on level 4 of the Dungeon.
You visited 1 branch of the dungeon, and saw 4 of its levels.

You collected 126 gold pieces.
You spent 100 gold pieces at shops.

Inventory:

Hand Weapons
 a - a +0 quarterstaff (weapon)
 b - a +0 morningstar
Armour
 c - a +0 hat (worn)
Jewellery
 d - a ring of protection from fire
Scrolls
 e - 2 scrolls of fear
 f - a scroll of magic mapping
 h - 2 scrolls of amnesia
 j - a scroll of vulnerability {unknown}
 k - a scroll of blinking {unknown}
 n - a scroll of silence {unknown}
 p - a scroll of enchant armour {unknown}
Potions
 i - a potion of flight {unknown}
 l - a potion of mutation
 m - 2 potions of curing
 o - a potion of heal wounds


   Skills:
 + Level 3.1 Fighting
 + Level 2.7 Dodging
 - Level 1.3 Stealth
 - Level 4.0 Unarmed Combat
 + Level 2.8 Spellcasting
 + Level 1.6 Conjurations
 + Level 3.5 Ice Magic
 + Level 1.6 Air Magic
 - Level 1.0 Invocations


You had 6 spell levels left.
You knew the following spells:

 Your Spells              Type           Power      Damage    Failure   Level
a - Freeze                Ice            48%        1d7       4%          1
b - Mephitic Cloud        Conj/Pois/Air  5%         N/A       36%         3

Your spell library contained the following spells:

 Spells                   Type           Power      Damage    Failure   Level
 Shock                    Conj/Air       28%        1d4       11%         1
 Frozen Ramparts          Ice            24%        1d4       14%         3
 Blink                    Tloc           4%         N/A       30%         2
 Swiftness                Air            7%         N/A       30%         3
 Ignite Poison            Fire/Tmut/Pois 2%         N/A       52%         3
 Airstrike                Air            3%         2d(1-17)  71%         4
 Manifold Assault         Tloc           2%         N/A       90%         4
 Freezing Cloud           Conj/Ice/Air   4%         6-21      91%         5
 Malign Gateway           Summ/Tloc      1%         N/A       100%        7
 Storm Form               Tmut/Air       2%         N/A       100%        7
 Summon Horrible Things   Summ           1%         N/A       100%        8


Dungeon Overview and Level Annotations

Branches:
Dungeon (4/15)
 Temple: D:4-7

Altars:
Xom

Shops:
D:3 !


Innate Abilities, Weirdness & Mutations

You cannot wear most types of armour.
You are amphibious.
You can wear up to eight rings at the same time.
Your skin changes colour to match your surroundings (Stealth+).
Your rubbery body absorbs attacks. (AC +1, EV +1)
((You are camouflaged when in or above water. (Stealth+)))
You have tentacles for arms and can constrict up to eight enemies at once.
You are agile. (Dex +4, Str/Int -1)
You are frail. (-10% HP)
You are weak. (Str -2)
You occasionally lose the ability to drink potions when taking damage.
You occasionally lose the ability to read scrolls when taking damage.


Message History

The hobgoblin completely misses you.
The wight hits you from afar with a +4 halberd!
You sock the hobgoblin!
You kill the hobgoblin!
You feel much better.
You feel very mighty all of a sudden.
You hit the wight. Your grab misses the wight. Your squeeze misses the wight.
The wight is heavily damaged.
The wight hits you with a +2 mace of freezing!
The wight freezes you. The wight closely misses you.
You thump the wight! You grab the wight.
The wight is almost destroyed.
You constrict the wight.
You destroy the wight!
The wight completely misses you. The wight barely misses you.
The wight closely misses you.
Things that are here:
a +2 mace of freezing; a +0 robe; a hobgoblin corpse You barely miss the wight.
You grab the wight. You squeeze the wight.
The wight is moderately damaged.
You constrict the wight, but do no damage.
The wight hits you from afar with a +3 trident!
The wight hits you with a +4 halberd!
You feel threatened and lose the ability to drink potions!
* * * LOW HITPOINT WARNING * * *
You can't see any enemies this would affect, really read the scroll of fear?
Okay, then.
Unknown command.
Unknown command.
Okay, then.
Unknown command.
You cannot drink potions in your current state!
You aren't carrying any items that you can evoke.
Unknown command.
Unknown command.
You sock the wight!
The wight is severely damaged.
You constrict the wight. The wight hits you with a +4 halberd!
You feel threatened and lose the ability to read scrolls!
You die...

#.# ########
#.# #......#
#.####......##
#.#..........##
#.'...........#
###...........#
#...........#
####......#.#
########@# #
#z###...#
#z......+
..............#
..............#
..............#
..............#
......!.......#
...........##.#


You could see 2 wights.

Vanquished Creatures
  An ogre (D:4)
  A wight (D:4)
  A hound (D:3)
  An orc wizard (D:3)
  8 adders
  7 gnolls
  A worm (D:3)
  8 orcs (D:3)
  5 ball pythons
  4 bats
  3 endoplasms
  2 giant cockroaches (D:3)
  4 goblins
  3 hobgoblins
  5 jackals
  3 kobolds
  2 quokkas
  4 frilled lizards
  3 rats
66 creatures vanquished.

Notes
Turn   | Place    | Note
-------+----------+-------------------------------------------
     0 | D:1      | omnomnOMINOUS the Octopode Wanderer began the quest for the
                  | Orb.
     0 | D:1      | omnomnOMINOUS set off with the following items: a +0 club,
                  | a potion of heal wounds, a +0 hat, a scroll of
                  | teleportation, a scroll of fear; and the following spell
                  | memorised: Freeze; and the following spells available to
                  | memorise: Frozen Ramparts.
     0 | D:1      | Reached XP level 1. HP: 13/13 MP: 2/2
   588 | D:1      | Reached XP level 2. HP: 18/18 MP: 3/3
   842 | D:1      | Found a faded altar of an unknown god.
   852 | D:1      | Prayed at the altar of an unknown god.
   852 | D:1      | Became a worshipper of Xom of Chaos
   853 | D:1      | XOM: silly message
   917 | D:1      | Fell from the grace of Xom
  1386 | D:2      | Reached skill level 1 in Dodging
  1386 | D:2      | Reached XP level 3. HP: 16/23 MP: 0/5
  1809 | D:2      | Reached XP level 4. HP: 25/29 MP: 1/6
  2476 | D:2      | Learned a level 3 spell: Mephitic Cloud
  2583 | D:3      | Reached XP level 5. HP: 27/35 MP: 8/8
  2627 | D:3      | XOM: summons 1 hostile shadow creature
  2628 | D:3      | Noticed an ogre
  2685 | D:3      | XOM: 4-stop teleportation journey
  2796 | D:4      | XOM: stat loss: -3 Int (13/16)
  2856 | D:4      | Noticed an ogre
  2860 | D:4      | Killed an ogre
  3043 | D:4      | XOM: cloud trail
  3164 | D:3      | Reached skill level 1 in Air Magic
  3194 | D:3      | XOM: stat loss: -3 Dex (7/10)
  3229 | D:3      | Reached skill level 1 in Conjurations
  3229 | D:3      | Reached XP level 6. HP: 19/41 MP: 5/9
  3495 | D:3      | Found Kikhluwueh's Distillery.
  3755 | D:3      | Bought 2 potions of heal wounds for 100 gold pieces
  4032 | D:3      | XOM: give mutations
  4032 | D:3      | Gained mutation: Your body sometimes deteriorates upon
                  | taking damage. [Xom's mischief]
  4032 | D:3      | Lost mutation: Your body sometimes deteriorates upon taking
                  | damage. [Xom's mischief]
  4032 | D:3      | Gained mutation: You occasionally lose the ability to drink
                  | potions when taking damage. [Xom's mischief]
  4032 | D:3      | Gained mutation: You occasionally lose the ability to read
                  | scrolls when taking damage. [Xom's mischief]
  4247 | D:3      | XOM: give mutations
  4247 | D:3      | Gained mutation: You are agile. (Dex +4, Str/Int -1) [Xom's
                  | mischief]
  4247 | D:3      | Gained mutation: You are frail. (-10% HP) [Xom's mischief]
  4247 | D:3      | Gained mutation: You are strong-willed. (Will+) [Xom's
                  | mischief]
  4247 | D:3      | Gained mutation: You are weak. (Str -2) [Xom's mischief]
  4266 | D:4      | XOM: give mutation
  4266 | D:4      | Lost mutation: You are strong-willed. (Will+) [Xom's
                  | mischief]
  4299 | D:4      | Mangled by a wight

Illustrated notes

Levels and vault maps discovered:
D:1:      minmay_arrival_glassed_features, layout_loops_ring,
          shapermc_ecumenical_altar_starsandcircs,
          chequers_serial_rivers_small_3
D:2:      minmay_alternating_diamond, layout_rooms
D:3:      layout_basic, serial_shops, shop
D:4:      layout_basic

Skill      XL: |  1  2  3  4  5  6 |
---------------+-------------------+-----
Dodging        | 1 2 |  2.7
Fighting       | 2 3 |  3.1
Spellcasting   | 2 |  2.8
Ice Magic      | 3 |  3.5
Air Magic      | 1 |  1.6
Conjurations   | 1 |  1.6
Stealth        | |  1.3
Unarmed Combat | |  4.0
Invocations    | |  1.0

Action                   |  1- 3 |  4- 6 || total
-------------------------+-------+-------++-------
Melee: Club              |    31 |       ||    31
       Tentacles         |     8 |    21 ||    29
       Constrict         |     7 |    21 ||    28
       Mace              |    10 |     4 ||    14
       Quarterstaff      |       |    70 ||    70
       Punch             |       |     2 ||     2
 Cast: Freeze            |    21 |    23 ||    44
       Mephitic Cloud    |       |     1 ||     1
Invok: Renounce Religion |     1 |       ||     1
  Use: Potion            |     2 |     2 ||     4
       Scroll            |       |     6 ||     6
 Stab: Sleeping          |     3 |     3 ||     6
Armor: Skin              |     6 |     4 ||    10
Dodge: Dodged            |    38 |    66 ||   104

Table legend: (Time is in decaauts)
 A = Elapsed time spent in this place.
 B = Non-inter-level travel time spent in this place.
 C = Inter-level travel time spent in this place.
 D = Time resting spent in this place.
 E = Time spent auto-exploring this place.
 F = Levels seen in this place.
 G = Mean time per level.
                   A        B        C        D        E       F      G
               +--------+--------+--------+--------+--------+-----+--------+
         Total |   4322 |   4152 |    170 |   1332 |   2176 |   4 | 1080.5 |
       Dungeon |   4322 |   4152 |    170 |   1332 |   2176 |   4 | 1080.5 |
               +--------+--------+--------+--------+--------+-----+--------+

Top non-repeatable levels by time:
     D:3: 1403 daAuts
     D:1: 1364 daAuts
     D:2: 1055 daAuts
     D:4: 499 daAuts
